 Dungeon Crawl Stone Soup version 0.30-a0-1066-g63dfefce0d (webtiles) character file.

Game seed: 13030964947504449988

513 CowFu the Cleaver (level 7, -6/85 HPs)
             Began as a Hill Orc Fighter on Apr 12, 2023.
             Was a Follower of Zin.
             Mangled by an ogre
             ... wielding a +0 giant club
              (25 damage)
             ... on level 4 of the Dungeon.
             The game lasted 00:04:42 (2692 turns).

CowFu the Cleaver (Hill Orc Fighter)                Turns: 2692, Time: 00:04:43

Health: -6/85      AC:  8    Str: 21    XL:     7   Next: 20%
Magic:  9/9        EV: 10    Int:  8    God:    Zin [*.....]
Gold:   161        SH:  5    Dex: 16    Spells: 6/6 levels left

rFire   . . .      SeeInvis +    a - +0 war axe
rCold   . . .      Faith    .    c - +0 buckler
rNeg    . . .      Spirit   .    p - +2 leather armour {Will+}
rPois   .          Reflect  .    (no helmet)
rElec   .          Rampage  .    t - +2 cloak {Stlth+}
rCorr   .                        (no gloves)
Will    +....                    (no boots) Stlth
                                 (no amulet)
HPRegen 0.34/turn                h - ring of see invisible
MPRegen 0.11/turn                n - +6 ring of dexterity

@: berserking, very quick
A: no striking features
a: Renounce Religion, Recite, Donate Gold


You were on level 4 of the Dungeon.
You worshipped Zin.
Zin was aware of your devotion.
You visited 1 branch of the dungeon, and saw 4 of its levels.
You also visited: Sewer.

You collected 201 gold pieces.
You spent 23 gold pieces at shops.
You donated 17 gold pieces to Zin.

Inventory:

Hand Weapons
 a - a +0 war axe (weapon)
 r - a +0 flail
Armour
 c - a +0 buckler (worn)
 p - a +2 leather armour of willpower (worn)
 t - a +2 cloak of stealth (worn)
Jewellery
 h - a ring of see invisible (left hand)
 n - a +6 ring of dexterity (right hand)
Wands
 o - a wand of light (18)
Scrolls
 g - a scroll of enchant armour {unknown}
 l - a scroll of fog {unknown}
 m - 3 scrolls of teleportation
 s - a scroll of fear {unknown}
 v - a scroll of poison {unknown}
 w - a scroll of identify
Potions
 b - a potion of lignification
 d - 3 potions of brilliance {unknown}
 e - a potion of flight {unknown}
 f - a potion of resistance
 i - a potion of ambrosia
 j - a potion of mutation {unknown}
 k - 2 potions of haste {unknown}
 q - a potion of heal wounds {unknown}


   Skills:
 - Level 3.6 Fighting
 + Level 9.3 Axes
 - Level 3.2 Armour
 - Level 3.2 Shields
 + Level 3.4 Invocations


You had 6 spell levels left.
You didn't know any spells.
Your spell library contained the following spells:

 Spells                   Type           Power      Damage    Failure   Level
 Kiss of Death            Conj/Necr      0%         2d5       54%         1
 Magic Dart               Conj           0%         1d3       54%         1
 Call Imp                 Summ           0%         N/A       69%         2
 Confusing Touch          Hex            0%         N/A       89%         3
 Mephitic Cloud           Conj/Pois/Air  0%         N/A       89%         3
 Dispel Undead            Necr           0%         3d6       100%        4


Dungeon Overview and Level Annotations

Branches:
Dungeon (4/15)              Sewer (visited)
 Temple: D:4-7

Altars:
Ru
Zin

Shops:
D:2 :   D:3 *


Message History

Done exploring.
Done exploring.
You see here 8 stones.
You see here a water moccasin corpse.
There is a gate leading back out of this place here.
Welcome back to the Dungeon!
There is a collapsed entrance here.
No target in view!
You enter the shallow water.
Moving in this stuff is going to be slow.
Found a stone staircase leading down.
No target in view!
There is a stone staircase leading down here.
w - a scroll of identify No target in view!
An ogre comes into view. It is wielding a +0 giant club.
Found a runed spear.
An ogre is nearby!
The ogre barely misses you.
You hit the ogre.
The ogre is lightly wounded.
The ogre hits you with a +0 giant club.
You hit the ogre.
The ogre is lightly wounded.
You hit the ogre.
The ogre is moderately wounded.
The ogre hits you with a +0 giant club!!
Ouch! That really hurt!
You hear a shout!
You are too injured to fight recklessly!
You are too injured to fight recklessly!
The ogre attacks as you move away! The ogre hits you with a +0 giant club!
* * * LOW HITPOINT WARNING * * *
A red film seems to cover your vision as you go berserk!
You feel yourself moving faster!
You feel mighty!
An orc comes into view. It is wielding a +0 hand axe.
You slash the ogre!
The ogre is almost dead.
The ogre hits you with a +0 giant club!!
You die...

,,,,,,,,.....,++,,,.......+...+,,
,,,,,,,,.....>**,,,.......#...###
,,,,*,,,.....##****.............#
,,,,*,,,.....).####.............#
,,,,,,,,.........................
*,,,,,,,.o.......................
*,,,,,,,.........!.....#.........
*,,,,,,,.......O.......#...#....#
*,,,,,,,#.......@......########.#
*,,,,,,,#.......#.###### ##.#
*****,,,......###....##### #..#
***,,,.....#...........######.#
*,,,,,.....#...........#.~~~††<
*,,,,,.#...............#~~~~..#
*,,,,,,................#~~~~..+
*,,,,,,,...............#~~....#
*,,,,,,,..........##...#......#


You could see an ogre and an orc.

Vanquished Creatures
  Grinder (D:3)
  A water moccasin (Sewer)
  Crazy Yiuf (D:3)
  Ijyb (D:3)
  A gnoll (D:1)
  3 adders
  3 river rats (D:4)
  A worm (D:2)
  2 dart slugs
  5 orcs (D:4)
  3 ball pythons
  13 bats
  5 endoplasms
  3 giant cockroaches
  5 goblins
  5 hobgoblins
  7 jackals
  A quokka (D:2)
  2 frilled lizards
  4 kobolds
  6 rats
73 creatures vanquished.

Notes
Turn   | Place    | Note
-------+----------+-------------------------------------------
     0 | D:1      | CowFu the Hill Orc Fighter began the quest for the Orb.
     0 | D:1      | Reached XP level 1. HP: 19/19 MP: 1/1
    35 | D:1      | Reached skill level 3 in Axes
   115 | D:1      | Reached XP level 2. HP: 25/26 MP: 2/2
   227 | D:1      | Reached skill level 4 in Axes
   565 | D:1      | Reached XP level 3. HP: 29/31 MP: 3/3
   690 | D:2      | Found Adulol's Book Shop.
   736 | D:2      | Reached skill level 5 in Axes
   820 | D:2      | Found a faded altar of an unknown god.
  1032 | D:2      | Found a sacrificial altar of Ru.
  1158 | D:2      | Reached XP level 4. HP: 36/39 MP: 4/4
  1323 | D:3      | Noticed Grinder
  1326 | D:3      | Paralysed by Grinder for 2 turns
  1354 | D:3      | Killed Grinder
  1355 | D:3      | Reached skill level 8 in Axes
  1355 | D:3      | Reached XP level 5. HP: 15/45 MP: 5/5
  1355 | D:3      | Reached XP level 6. HP: 17/51 MP: 6/6
  1515 | D:3      | Found Bops's Assorted Antiques.
  1525 | D:3      | Bought a scroll labelled INE NEFOLU for 23 gold pieces
  1707 | D:3      | Found a glowing silver altar of Zin.
  1717 | D:3      | Became a worshipper of Zin the Law-Giver
  1717 | D:3      | Reached * piety under Zin
  2009 | D:3      | Found a runed translucent door.
  2010 | D:3      | Noticed Crazy Yiuf
  2091 | D:3      | Noticed Ijyb
  2099 | D:3      | Killed Ijyb
  2100 | D:3      | Reached skill level 1 in Invocations
  2377 | D:3      | Killed Crazy Yiuf
  2498 | D:4      | Found a glowing drain.
  2521 | Sewer    | Entered a sewer
  2530 | Sewer    | Reached skill level 9 in Axes
  2594 | Sewer    | Noticed a water moccasin
  2601 | Sewer    | Killed a water moccasin
  2602 | Sewer    | Reached XP level 7. HP: 57/57 MP: 7/9
  2692 | D:4      | Mangled by an ogre

Illustrated notes

Levels and vault maps discovered:
D:1:      lemuel_arrival_funnel, layout_rooms, minmay_misc_feat_ornament,
          minivault_14
D:2:      layout_basic, ebering_ecumenical_altar_rust, basic_altar,
          serial_shops, nicolae_shop_hallway_plus
D:3:      layout_loops_ring, mainiacjoe_overflow_six_doors_small, serial_shops,
          nicolae_shop_crystal, chequers_serial_rivers_micro_e, uniq_ijyb,
          uniq_grinder, uniq_crazy_yiuf_cottage
D:4:      layout_basic, portal_sewer_entry_b

Skill      XL: |  1  2  3  4  5  6 |
---------------+-------------------+-----
Axes           | 3 4 5 8 9 |  9.3
Invocations    | 3 |  3.4
Fighting       | |  3.6
Armour         | |  3.2
Shields        | |  3.2

Action                     |  1- 3 |  4- 6 |  7- 9 || total
---------------------------+-------+-------+-------++-------
  Melee: War axe           |    96 |    88 |     4 ||   188
 Invoke: Recite            |       |     3 |       ||     3
    Use: Potion            |       |     1 |     1 ||     2
         Scroll            |       |     4 |       ||     4
   Stab: Sleeping          |     1 |     1 |       ||     2
         Distracted        |       |     1 |       ||     1
 Armour: Scale mail        |    38 |       |       ||    38
         Leather armour    |     6 |    44 |       ||    50
  Dodge: Dodged            |    64 |    47 |     1 ||   112
  Block: Buckler           |    17 |    23 |       ||    40

Table legend: (Time is in decaauts)
 A = Elapsed time spent in this place.
 B = Non-inter-level travel time spent in this place.
 C = Inter-level travel time spent in this place.
 D = Time resting spent in this place.
 E = Time spent auto-exploring this place.
 F = Levels seen in this place.
 G = Mean time per level.
                   A        B        C        D        E       F      G
               +--------+--------+--------+--------+--------+-----+--------+
         Total |   2735 |   2642 |     93 |      0 |   2112 |   5 |  547.0 |
       Dungeon |   2590 |   2497 |     93 |      0 |   2032 |   4 |  647.5 |
         Sewer |    144 |    144 |      0 |      0 |     80 |   1 |  144.0 |
               +--------+--------+--------+--------+--------+-----+--------+

Top non-repeatable levels by time:
     D:3: 1181 daAuts
     D:1: 667 daAuts
     D:2: 654 daAuts
   Sewer: 144 daAuts
     D:4: 88 daAuts
